 Dungeon Crawl Stone Soup version 0.21.1-1-g345015fe64 (webtiles) character file.

84 Roikka the Grave Robber (level 4, -6/33 HPs)
             Began as a Demonspawn Necromancer on July 5, 2018.
             Killed by nerve-wracking pain
             ... invoked by an orc priest
              (11 damage)
             ... on level 2 of the Dungeon.
             The game lasted 00:16:42 (2345 turns).

Roikka the Grave Robber (Demonspawn Necromancer)    Turns: 2345, Time: 00:16:42

Health: -6/33      AC:  2    Str:  8    XL:     4   Next: 24%
Magic:  0/8        EV: 12    Int: 17    God:
Gold:   74         SH:  0    Dex: 14    Spells: 3/8 levels left

rFire    . . .     SeeInvis .   b - +0 spear
rCold    . . .     Gourm    .   (no shield)
rNeg     . . .     Faith    .   k - +0 robe
rPois    .         Spirit   +   (no helmet)
rElec    .         Reflect  .   (no cloak)
rCorr    .         Harm     .   (no gloves)
MR       .....                  (no boots)
Stlth    ++........             (no amulet)
HPRegen  0.11/turn              (no ring)
MPRegen  0.11/turn              (no ring)

@: very slightly contaminated
A: claws 1, hooves 1, magic shield
a: no special abilities


You were on level 2 of the Dungeon.
You were very hungry.

You visited 1 branch of the dungeon, and saw 3 of its levels.

You collected 74 gold pieces.

Inventory:

Hand Weapons
 a - a +0 hunting sling
 b - a +0 spear (weapon)
 n - a +0 dagger of venom
Missiles
 d - 13 sling bullets
 i - 86 stones (quivered)
Armour
 k - a +0 robe (worn)
 o - a cursed +0 leather armour
Magical Staves
 r - an uncursed staff of earth {unknown}
Scrolls
 g - a scroll of identify {unknown}
 p - a scroll of immolation {unknown}
 q - a scroll of blinking {unknown}
 s - 2 scrolls of teleportation {unknown}
Potions
 e - 2 potions of degeneration {unknown}
 f - a potion of heal wounds {unknown}
 j - a potion of brilliance {unknown}
 l - a potion of lignification {unknown}
 m - a potion of flight {unknown}
Books
 h - a book of Necromancy

   Spells                             Type                      Level
   a - Pain                           Necromancy                   1
   b - Animate Skeleton               Necromancy                   1
   c - Vampiric Draining              Necromancy                   3
   d - Regeneration                   Charms/Necromancy            3
   e - Animate Dead                   Necromancy                   4
   f - Borgnjor's Vile Clutch         Necromancy/Earth             5
Comestibles
 c - 6 rations


   Skills:
 + Level 1.9 Fighting
 - Level 2.0 Dodging
 - Level 1.7 Stealth
 + Level 2.7 Spellcasting
 * Level 5.2 Necromancy


You had 3 spell levels left.
You knew the following spells:

 Your Spells              Type           Power        Failure   Level  Hunger
a - Pain                  Necr           ###.         1%          1    #......
b - Animate Skeleton      Necr           N/A          1%          1    #......
c - Vampiric Draining     Necr           ###.......   6%          3    ###....


Dungeon Overview and Level Annotations

Branches:
Dungeon (3/15)

Altars:
Vehumet


Innate Abilities, Weirdness & Mutations

You have sharp fingernails.
You have large cloven feet.
When hurt, damage is shared between your health and your magic reserves.


Message History

The orc priest invokes the aid of Beogh against you.
Beogh smites you!
You hit the orc priest.
The orc priest is moderately wounded.
The orc priest hits you with a flail!
You barely miss the orc priest. Your kick misses the orc priest.
The orc priest is moderately wounded.
The orc priest barely misses you.
You hit the orc priest.
The orc priest is heavily wounded.
The orc priest hits you with a flail!
* * * LOW HITPOINT WARNING * * *
You hit the orc priest. Your kick misses the orc priest.
The orc priest is almost dead.
The orc priest hits you but does no damage.
You barely miss the orc priest.
The orc priest is almost dead.
The orc priest invokes the aid of Beogh against you.
Pain shoots through your body!
You die...

#.............)............####.#
#........#..........<#.....###..#
#.......###..#..........##.##..#.
#...............###.....##.#..#..
.......####.....###.##..##.#....#
....#########..............#..###
..........###....#.....<(.....#
...........................#.##
............###[@#....)<#..#.#
.........)#####.o..#.#..#..#.#
..........##.................#
..........##.............#.###
..........##......>......#.#
..........#......<.......#.#
#....................###.#.#
#....................#####.#####
#.##...#...#...................#


You could see an orc priest.

Vanquished Creatures
  3 adders
  2 worms
  A dart slug (D:1)
  A leopard gecko (D:1)
  An orc (D:2)
  2 bats
  3 giant cockroaches
  2 goblins (D:1)
  5 hobgoblins
  3 jackals (D:2)
  9 kobolds
  2 quokkas (D:2)
  A ball python (D:1)
  3 frilled lizards
  3 rats
41 creatures vanquished.

Vanquished Creatures (collateral kills)
  3 kobolds (D:1)
  2 bats
5 creatures vanquished.

Grand Total: 46 creatures vanquished

Notes
Turn   | Place    | Note
-------+----------+-------------------------------------------
     0 | D:1      | Roikka the Demonspawn Necromancer began the quest for the Orb.
     0 | D:1      | Reached XP level 1. HP: 13/13 MP: 3/3
     2 | D:1      | Learned a level 1 spell: Animate Skeleton
   181 | D:1      | Gained mutation: You have large cloven feet. [demonic ancestry]
   181 | D:1      | Reached XP level 2. HP: 17/20 MP: 3/5
   462 | D:1      | Reached skill level 1 in Fighting
   986 | D:2      | Gained mutation: When hurt, damage is shared between your health and your magic reserves. [demonic ancestry]
   986 | D:2      | Reached XP level 3. HP: 26/26 MP: 4/6
   993 | D:2      | Learned a level 3 spell: Vampiric Draining
  1237 | D:2      | Reached skill level 5 in Necromancy
  1775 | D:3      | Found a radiant altar of Vehumet.
  1783 | D:3      | Gained mutation: You have sharp fingernails. [demonic ancestry]
  1783 | D:3      | Reached XP level 4. HP: 27/33 MP: 8/8
  2345 | D:2      | Killed from afar by an orc priest

Skill      XL: |  1  2  3 |
---------------+----------+-----
Dodging        | 2 |  2.0
Fighting       | 1 |  1.9
Necromancy     | 5 |  5.2
Stealth        | |  1.7
Spellcasting   | |  2.7

Action                   |  1- 3 |  4- 6 || total
-------------------------+-------+-------++-------
Melee: Club              |     7 |       ||     7
       Kick              |     5 |       ||     5
       Spear             |    22 |    14 ||    36
 Fire: Hunting sling     |    45 |    12 ||    57
Throw: Stone             |     6 |       ||     6
 Cast: Pain              |    39 |    16 ||    55
       Animate Skeleton  |     4 |     1 ||     5
       Vampiric Draining |     1 |     2 ||     3
  Eat: Chunk             |     2 |     2 ||     4
Armor: Robe              |     6 |     2 ||     8
Dodge: Dodged            |    28 |    14 ||    42
